 Dungeon Crawl Stone Soup version 0.31-a0-227-ga22c3bf811 (webtiles) character file.

Game seed: 2417616151939474107

100 gangalbani the Slasher (level 4, -2/41 HPs)
             Began as a Hill Orc Monk on July 6, 2023.
             Killed from afar by an orc wizard (8 damage)
             ... with a magic dart
             ... on level 3 of the Dungeon.
             The game lasted 00:03:03 (1973 turns).

gangalbani the Slasher (Hill Orc Monk)              Turns: 1973, Time: 00:03:04

Health: -2/41      AC:  5    Str: 13    XL:     4   Next: 74%
Magic:  4/4        EV: 12    Int: 10    God:
Gold:   154        SH:  0    Dex: 15    Spells: 3/3 levels left

rFire   . . .        a - +0 falchion
rCold   . . .        d - orb {light}
rNeg    . . .        k - +0 leather armour
rPois   .            n - +0 helmet {SInv}
rElec   .            (no cloak)
rCorr   .            f - +0 pair of gloves
SInv    +            (no boots)
Will    .....        (no amulet)
Stlth   +            (no ring)
HPRegen 0.26/turn    (no ring)
MPRegen 0.09/turn

%: no passive effects
@: glowing
A: no striking features
a: no special abilities


You were on level 3 of the Dungeon.
You visited 1 branch of the dungeon, and saw 3 of its levels.

You collected 154 gold pieces.

Inventory:

Hand Weapons
 a - a +0 falchion (weapon)
Missiles
 j - 6 poisoned darts (quivered)
Armour
 b - a +0 robe
 d - an orb of light (worn)
 f - a +0 pair of gloves (worn)
 k - a +0 leather armour (worn)
 n - a +0 helmet of see invisible (worn)
 t - a +0 tower shield
Magical Staves
 o - the staff of Sin {Drain rElec rN+ rCorr Earth}
   (You found it on level 2 of the Dungeon)

   [staff of earth]

   Base accuracy: +5 Base damage: 5 Base attack delay: 1.2 This weapon's minimum
   attack delay (0.6) is reached at skill level 12.
   rElec:     It insulates you from electricity.
   rN:        It protects you from negative energy.
   rCorr:     It protects you from acid and corrosion.
   Drain:     It drains your maximum health when unequipped.
   Earth:     It increases the power of your Earth spells.
   It falls into the 'Staves' category.
   It is a one-handed weapon.
Scrolls
 e - a scroll of teleportation {unknown}
 g - a scroll of vulnerability {unknown}
 h - 2 scrolls of identify {unknown}
 l - a scroll of amnesia {unknown}
 m - a scroll of poison {unknown}
 p - 2 scrolls of revelation {unknown}
 q - 2 scrolls of fear {unknown}
Potions
 c - 4 potions of ambrosia
 i - 2 potions of haste {unknown}
 r - 2 potions of enlightenment {unknown}
 s - a potion of heal wounds {unknown}
 u - 2 potions of mutation {unknown}


   Skills:
 + Level 4.7 Fighting
 * Level 5.1 Long Blades
 - Level 2.4 Dodging


You had 3 spell levels left.
You didn't know any spells.
Your spell library contained the following spells:

 Spells                   Type           Power      Damage    Failure   Level
 Magic Dart               Conj           0%         1d3       43%         1
 Sandblast                Erth           0%         2d4       43%         1
 Blink                    Tloc           0%         N/A       58%         2
 Lesser Beckoning         Tloc           0%         N/A       58%         2
 Momentum Strike          Conj/Tloc      0%         3d8       58%         2
 Passwall                 Tmut/Erth      0%         N/A       58%         2
 Searing Ray              Conj           0%         2d4       58%         2
 Stone Arrow              Conj/Erth      0%         3d7       82%         3
 Fulminant Prism          Conj/Hex       0%         3d5       99%         4


Dungeon Overview and Level Annotations

Branches:
Dungeon (3/15)

Altars:

Annotations:
D:3 Grinder


Message History

The gnoll hits you with a +0 flail!
You are too injured to fight recklessly!
You are too injured to fight recklessly!
You are too injured to fight recklessly!
You are too injured to fight recklessly!
You slash the gnoll!
You kill the gnoll!
You start resting.
HP restored.
Things that are here:
a +0 flail; a +0 leather armour; an orc corpse
Found a war axe.
An orc wizard comes into view. It is wielding a +0 dagger.
An orc comes into view. It is wielding a +0 hand axe.
An endoplasm and 2 gnolls come into view.
The gnoll shouts! x2; The orc shouts!
The orc wizard casts a spell.
The orc wizard flickers and vanishes for a moment.
You barely miss the gnoll. The gnoll hits you with a +0 flail!
You slash the gnoll!
The gnoll is heavily wounded.
The gnoll hits you with a +0 flail! The gnoll attacks as you move away!
The gnoll misses you. The gnoll attacks as you move away!
The gnoll barely misses you. The gnoll attacks as you move away!
The gnoll hits you with a +0 flail. The gnoll attacks as you move away!
The gnoll closely misses you. The gnoll attacks as you move away!
The gnoll misses you.
Things that are here:
a +0 flail; a +0 leather armour; an orc corpse The gnoll attacks as you move away!
The gnoll hits you with a +0 flail!
* * * LOW HITPOINT WARNING * * *
You hit the gnoll but do no damage.
The gnoll is heavily wounded.
The gnoll hits you with a +0 flail.
* * * LOW HITPOINT WARNING * * *
You hit the gnoll.
The gnoll is severely wounded.
The orc wizard gestures at you while chanting.
The magic dart hits you!
You die...

####.# # #.# ##### #
#.# #...#### # #.# #
#.#.#.. # #.#
#.#.#.#)######'#.# ##
#.#
#.#.#.#.#..go....# .#
#.#
#..ogo..#.#......#
.###.#####
######.#)..g.#g.....#
.##..#...#
#....@g########J....#
.##.##.#.###.######
...^.# .##....#.#...#
.....#
.#######.#.#.######
....# .# #.#...#....#
....# .# #.###.#.##.#
.# #.##...)##.# .#
#.##.......# .#
#.##.#######


You could see an orc wizard (invisible), 2 gnolls and an orc.

Vanquished Creatures
  An iguana (D:3)
  A gnoll (D:3)
  2 adders (D:2)
  2 worms (D:2)
  A dart slug (D:1)
  An orc (D:3)
  5 endoplasms
  A giant cockroach (D:1)
  4 goblins
  2 hobgoblins (D:2)
  2 jackals (D:1)
  2 quokkas (D:1)
  2 ball pythons (D:2)
  8 bats
  2 frilled lizards
  4 rats
40 creatures vanquished.

Notes
Turn   | Place    | Note
-------+----------+-------------------------------------------
     0 | D:1      | gangalbani the Hill Orc Monk began the quest for the Orb.
     0 | D:1      | Reached XP level 1. HP: 19/19 MP: 1/1
    10 | D:1      | Noticed a bullfrog
   113 | D:1      | Reached XP level 2. HP: 25/27 MP: 2/2
   509 | D:1      | Reached skill level 4 in Long Blades
   901 | D:2      | Identified the staff of Sin {Drain rElec rN+ rCorr Earth}
   988 | D:2      | Reached XP level 3. HP: 26/33 MP: 3/3
  1295 | D:2      | Reached XP level 4. HP: 36/41 MP: 4/4
  1623 | D:3      | Noticed Grinder
  1624 | D:3      | Paralysed by Grinder for 3 turns
  1690 | D:3      | Reached skill level 5 in Long Blades
  1841 | D:3      | Identified the +5 whip "Meugopn" {spect, rF++ Will+ Str-3}
  1973 | D:3      | Killed from afar by an orc wizard

Illustrated notes

Levels and vault maps discovered:
D:1:      evilmike_arrival_come_back, layout_basic
D:2:      layout_loops_ring, minmay_split_cup_large
D:3:      layout_basic, serial_shops, nicolae_shop_tiny_glass, uniq_grinder

Skill      XL: |  1  2  3  4 |
---------------+-------------+-----
Fighting       | 4 |  4.7
Long Blades    | 4 5 |  5.1
Dodging        | |  2.4

Action                     |  1- 3 |  4- 6 || total
---------------------------+-------+-------++-------
  Melee: Falchion          |    94 |    35 ||   129
 Armour: Robe              |     8 |       ||     8
         Leather armour    |    35 |     2 ||    37
  Dodge: Dodged            |    73 |    21 ||    94

Table legend: (Time is in decaauts)
 A = Elapsed time spent in this place.
 B = Non-inter-level travel time spent in this place.
 C = Inter-level travel time spent in this place.
 D = Time resting spent in this place.
 E = Time spent auto-exploring this place.
 F = Levels seen in this place.
 G = Mean time per level.
                   A        B        C        D        E       F      G
               +--------+--------+--------+--------+--------+-----+--------+
         Total |   1983 |   1879 |    104 |     93 |   1449 |   3 |  661.0 |
       Dungeon |   1983 |   1879 |    104 |     93 |   1449 |   3 |  661.0 |
               +--------+--------+--------+--------+--------+-----+--------+

Top non-repeatable levels by time:
     D:1: 847 daAuts
     D:2: 831 daAuts
     D:3: 304 daAuts
